Unix NetHack Version 5.0.0-0 post-release - last build May 10 2026 23:12:36 (d1fa5d53e341ca933230fdaa984d921c805b60aa,branch:main).

Game began 2026-05-13 23:37:10, ended 2026-05-14 00:45:08.

Hareimo, chaotic male human Wizard

                                -------- ------
                                |%|>l..---..@`|
                                |^|-..s..)....|
                                |.||.```|..a@.|
                                |.||....|a....|
                                |.|------.----|
                                |.|    |......|
                                |^------......|
                                |.%...^.%.....|
                                |..-----......|
                                ----   --------

Hareimo the Thaumaturge   St:11 Dx:14 Co:15 In:18 Wi:10 Ch:10  Chaotic
Dlvl:6  $:89 HP:0(39) Pw:13(69) AC:5  Xp:6 T:4425 

Latest messages:
 The boulder suddenly rolls away from you!  Thump!
 You escape a rolling boulder trap.
 You see here an iguana corpse.
 The boulder suddenly rolls away from you!  You hear a boulder fall.
 You see here an iguana corpse.
 You escape a rolling boulder trap.
 An iron piercer suddenly drops from the ceiling!  Its blow glances off your helm.
 Pick a monster, object or location.
 Pick a monster, object or location.
 Are you waiting to get hit?  Use 'm' prefix to force a no-op (to rest).
 The soldier ant bites!  The soldier ant stings!
 The soldier ant bites!  The soldier ant stings!  The soldier ant bites!  The soldier ant stings!
 Restoring save file...
 Hello Hareimo, the human Wizard, welcome back to NetHack!
 What do you want to write with? [- adgn-psv-xIY or ?*] -
 You write in the dust with your fingertip.
 What do you want to write in the dust here? Elbereth
 The soldier ant turns to flee.  The soldier ant turns to flee.  The soldier ant turns to flee.  The soldier ant turns to flee.
 The soldier ant turns to flee.
 The soldier ant turns to flee.
 Restoring save file...
 Hello Hareimo, the human Wizard, welcome back to NetHack!
 Something is written here in the dust.
 You read: "Elbereth".
 The soldier ant turns to flee.
 The soldier ant turns to flee.
 Are you waiting to get hit?  Use 'm' prefix to force a no-op (to rest).
 Are you waiting to get hit?  Use 'm' prefix to force a no-op (to rest).
 Are you waiting to get hit?  Use 'm' prefix to force a no-op (to rest).
 Are you waiting to get hit?  Use 'm' prefix to force a no-op (to rest).
 Are you waiting to get hit?  Use 'm' prefix to force a no-op (to rest).
 Are you waiting to get hit?  Use 'm' prefix to force a no-op (to rest).
 Are you waiting to get hit?  Use 'm' prefix to force a no-op (to rest).
 The soldier ant bites!
 The soldier ant stings!
 The soldier ant bites!
 You die...
 Do you want your possessions identified? [ynq] (y) q

Inventory:
 Coins    ('$')
  $ - 89 gold pieces
 Weapons  (')')
  s - a blessed +0 elven bow
  x - a +1 dagger
  I - a +0 orcish dagger
  a - a blessed +1 quarterstaff (weapon in hands)
 Armor    ('[')
  J - an uncursed +0 orcish helm (being worn)
  b - an uncursed +0 cloak of magic resistance (being worn)
  H - an uncursed +0 studded leather armor (being worn)
 Comestibles  ('%')
  j - an uncursed slime mold
  N - 6 uncursed food rations
  Q - an uncursed pancake
  Z - 2 uncursed tripe rations
 Scrolls  ('?')
  q - a blessed scroll of earth
  r - an uncursed scroll of earth
  i - 2 uncursed scrolls of light
  k - an uncursed scroll of teleportation
 Potions  ('!')
  l - an uncursed potion of gain ability
  f - an uncursed potion of object detection
  m - an uncursed potion of oil
 Rings    ('=')
  p - a cursed ring of aggravate monster
  w - an uncursed ring of searching
  d - an uncursed ring of see invisible
 Wands    ('/')
  Y - a wand of digging (0:6)
  o - a wand of opening named nadda (0:3)
  g - a wand of stasis named nadda (0:3)
 Tools    ('(')
  C - an expensive camera (0:38)
  e - an uncursed magic lamp
  n - a magic marker (0:20)
  h - an uncursed wax candle
 Gems/Stones  ('*')
  v - an uncursed amethyst stone

Hareimo the Wizard's attributes:

Background:
 You were a Thaumaturge, a level 6 male human Wizard.
 You were chaotic, on a mission for Anhur
 who was opposed by Ptah (lawful) and Thoth (neutral).
 You were right-handed.
 You were in Sokoban, on level 6.
 You entered the dungeon 4425 turns ago.
 It was the midnight hour.
 You had 572 experience points, 68 more were needed to attain level 7.

Basics:
 You had 0 out of 39 hit points.
 You had 13 out of 69 energy points (spell power).
 Your armor class was 5.
 Your wallet contained 89 zorkmids.
 Autopickup was off.

Final Characteristics:
 Your strength was 11 (limit:18/100).
 Your dexterity was 14 (peak:15, limit:18).
 Your constitution was 15 (limit:18).
 Your intelligence was 18 (limit:18).
 Your wisdom was 10 (limit:18).
 Your charisma was 10 (limit:18).

Final Status:
 You weren't hungry.
 You were unencumbered.
 You were wielding a quarterstaff.
 You had basic skill with quarterstaff and could have enhanced that.

Final Attributes:
 You were piously aligned.
 You were magic-protected.
 You were sleep resistant.
 You were poison resistant.
 You were warded.
 You are dead.

Miscellaneous:
 You didn't encounter any bones levels.
 Total elapsed playing time was 1 hour, 7 minutes and 53 seconds.

Major events:
 Turn
    1: Hareimo the chaotic male human Wizard entered the dungeon
  677: attained the rank of Conjurer (level 3)
 1844: entered the Gnomish Mines
 3610: entered Sokoban
 3644: attained the rank of Thaumaturge (level 6)
 4425: killed by a soldier ant

Spells:
 Name                 Level Category     Fail Retention
 force bolt             1   attack         0%   71%-80%
 slow monster           2   enchantment    0%   71%-80%

Skills:
 Fighting Skills
   bare handed combat [Unskilled]
   riding             [Unskilled]
 Weapon Skills
   dagger             [Unskilled]
   knife              [Unskilled]
   axe                [Unskilled]
   short sword        [Unskilled]
   club               [Unskilled]
   mace               [Unskilled]
   quarterstaff       [Basic]
   polearms           [Unskilled]
   spear              [Unskilled]
   trident            [Unskilled]
   sling              [Unskilled]
   dart               [Unskilled]
   shuriken           [Unskilled]
 Spellcasting Skills
   attack spells      [Basic]
   healing spells     [Unskilled]
   divination spells  [Unskilled]
   enchantment spells [Basic]
   clerical spells    [Unskilled]
   escape spells      [Unskilled]
   matter spells      [Unskilled]

Voluntary challenges:
 Character rerolling was not enabled.
 You never genocided any monsters.
 You never polymorphed an object.
 You never changed form.
 You used no wishes.
 You did not violate any of the special Sokoban rules.
Achievements:
 You entered a shop.
 You attained the rank of Conjurer.
 You entered the Gnomish Mines.
 You entered Sokoban.
 You attained the rank of Thaumaturge.

 The Dungeons of Doom: levels 1 to 8
    Level 1: "chest"
       A fountain.
    Level 2:
       An armor shop, a fountain.
    Level 3: "stash"
       A general store, many fountains, a sink.
    Level 4:
       Some fountains.
       Stairs down to The Gnomish Mines.
    Level 5: "nymph"
       Some fountains.
    Level 6:
       Many fountains.
       Oracle of Delphi.
    Level 7: "werjackel above"
       Stairs up to Sokoban, level 6.
    Level 8:
       A fountain.
 The Gnomish Mines:
    Level 5:
 Sokoban:
    Level 6: <- You were here.
       Unsolved.
       Final resting place for
          you, killed by a soldier ant.


Vanquished creatures:
  a tengu
  2 giant beetles
  a human zombie
  2 Woodland-elves
  a fog cloud
  a yellow light
  2 shriekers
  3 gnome leaders
  a gray ooze
  a baby crocodile
  a floating eye
  a kitten
  a kobold leader
  a kobold shaman
  2 hill orcs
  a monkey
  2 orc zombies
  2 iguanas
  4 killer bees
 an acid blob
  a coyote
  2 gas spores
  3 hobbits
  2 large kobolds
  a giant rat
  a gnome
  2 geckos
 12 jackals
  3 goblins
  2 sewer rats
  2 grid bugs
  a bat
  7 lichens
  4 newts
74 creatures vanquished.

No species were genocided or became extinct.

Game over:
                       ----------
                      /          \
                     /    REST    \
                    /      IN      \
                   /     PEACE      \
                  /                  \
                  |     Hareimo      |
                  |      89 Au       |
                  |   killed by a    |
                  |   soldier ant    |
                  |                  |
                  |                  |
                  |       2026       |
                 *|     *  *  *      | *
        _________)/\\_//(\/(/\)/\//\/|_)_______

Goodbye Hareimo the Wizard...

You died in Sokoban on dungeon level 6 with 2729 points,
and 89 pieces of gold, after 4425 moves.
You were level 6 with a maximum of 39 hit points when you died.

